 Dungeon Sprint DCSS version 0.18.1-5-g4a78601 (webtiles) character file.

152 IcyTea the Carver (level 5, -6/41 HPs)
             Began as a Demonspawn Berserker on May 14, 2016.
             Was a Priest of Trog.
             Mangled by an ice beast (12 damage)
             ... in the Dungeon (Sprint IX: "|||||||||||||||||||||||||||||").
             The game lasted 00:01:05 (214 turns).

IcyTea the Carver (Demonspawn Berserker)             Turns: 214, Time: 00:01:06

Health: -6/41      AC:  2    Str: 18    XL:     5   Next: 11%
Magic:  5/5        EV: 12    Int:  8    God:    Trog [***...]
Gold:   0          SH:  0    Dex: 15    Spells: 0 memorised, 4 levels left

rFire  . . .     SeeInvis .     a - +0 falchion
rCold  . . .     Gourm    .     b - +0 animal skin
rNeg   . . .     Faith    .     (no shield)
rPois  .         Spirit   .     (helmet restricted)
rElec  .         Dismiss  .     (no cloak)
rCorr  .         Reflect  .     (no gloves)
SustAt .         Harm     .     (no boots)
MR     ++...     NoTele   +     (no amulet)
Stlth  ++........               (no ring)
                                (no ring)

@: exhausted, regenerating, slowed, very slow, very resistant to hostile
enchantments, unstealthy
A: horns 1, thin skeletal structure 1, powered by death 1
a: Berserk, Trog's Hand, Burn Spellbooks, Renounce Religion


You were in the Dungeon.
You worshipped Trog.
Trog was most pleased with you.
You were not hungry.

You visited 1 branch

Inventory:

Hand Weapons
 a - a +0 falchion (weapon)
Armour
 b - a +0 animal skin (worn)
Scrolls
 i - a scroll of blinking
Potions
 d - a potion of curing
 e - a potion of heal wounds
 f - a potion of haste
 g - 2 potions of magic
 h - a potion of berserk rage
Comestibles
 c - a bread ration


   Skills:
 - Level 3.0 Fighting
 + Level 9.8 Long Blades
 - Level 1.7 Armour
 - Level 1.7 Dodging


You had 4 spell levels left.
You didn't know any spells.

Dungeon Overview and Level Annotations

Branches:
Dungeon (1/1)

Altars:


Innate Abilities, Weirdness & Mutations

You have a pair of small horns on your head.
You have a somewhat thin skeletal structure (Dex +2, Stealth).
You regenerate a little health from kills.


Message History

The ice beast hits you. The ice beast freezes you!
Your skin crawls.
You feel resistant to hostile enchantments.
You feel slightly more hungry. The ice beast misses you.
You completely miss the ice beast.
The ice beast is moderately wounded.
The ice beast hits you. The ice beast freezes you.
The ice beast barely misses you.
You slash the ice beast! Your headbutt misses the ice beast.
The ice beast is heavily wounded.
You feel the effects of Trog's Hand fading.
The ice beast barely misses you.
You closely miss the ice beast.
The ice beast is heavily wounded.
The ice beast hits you. The ice beast freezes you!
* * * LOW HITPOINT WARNING * * *
The ice beast hits you.
* * * LOW HITPOINT WARNING * * *
The ice beast freezes you!
You die... ▓▓▓▓▓▓▓▓▓▓▓▓▓▓▓▓▓▓ +.....Y@...))...<▓ ▓▓▓▓▓▓▓▓▓▓▓▓▓▓▓▓▓▓

You could see an ice beast.

Vanquished Creatures
  An ogre (D)
  A hound (D)
  A worker ant (D)
  A shadow imp (D)
  A giant gecko (D)
  A giant cockroach (D)
  A goblin (D)
  2 kobolds (D)
9 creatures vanquished.

Notes
Turn   | Place    | Note
--------------------------------------------------------------
     0 | D        | IcyTea the Demonspawn Berserker began the quest for the Orb.
     0 | D        | Reached XP level 1. HP: 18/18 MP: 1/1
     8 | D        | Reached skill level 3 in Long Blades
    10 | D        | Reached ** piety under Trog
    15 | D        | Reached skill level 4 in Long Blades
   189 | D        | Noticed an ice beast
   189 | D        | Noticed a worker ant
   189 | D        | Noticed a hound
   189 | D        | Noticed an ogre
   193 | D        | Reached *** piety under Trog
   193 | D        | Reached skill level 5 in Long Blades
   193 | D        | Gained mutation: You regenerate a little health from kills. [demonic ancestry]
   193 | D        | Reached XP level 2. HP: 24/24 MP: 2/2
   199 | D        | Killed an ogre
   199 | D        | Reached skill level 8 in Long Blades
   199 | D        | Gained mutation: You have a pair of small horns on your head. [demonic ancestry]
   199 | D        | Reached XP level 3. HP: 29/29 MP: 3/3
   199 | D        | Reached XP level 4. HP: 35/35 MP: 4/4
   202 | D        | Reached skill level 9 in Long Blades
   205 | D        | Gained mutation: You have a somewhat thin skeletal structure (Dex +2, Stealth). [demonic ancestry]
   205 | D        | Reached XP level 5. HP: 41/41 MP: 5/5
   214 | D        | Mangled by an ice beast

Skill      XL: |  1  2  3  4 |
---------------+-------------+-----
Long Blades    | 5 8 9 |  9.8
Fighting       | |  3.0
Armour         | |  1.7
Dodging        | |  1.7

Action                   |  1- 3 |  4- 6 || total
-------------------------+-------+-------++-------
Melee: Falchion          |    21 |    12 ||    33
Invok: Berserk           |     1 |       ||     1
       Trog's Hand       |       |     1 ||     1
Armor: Animal skin       |     5 |       ||     5
Dodge: Dodged            |    10 |     9 ||    19
